 Dungeon Crawl Stone Soup version 0.31-a0-981-geadf994542 (webtiles) character file.

Game seed: 6258853295977825104

2391 Whiskey the Mimic (level 9, -4/62 HPs)
             Began as an Octopode Shapeshifter on Nov 2, 2023.
             Was an Initiate of Gozag.
             Killed from afar by a manticore (20 damage)
             ... with a volley of spikes
             ... on level 8 of the Dungeon.
             The game lasted 00:13:10 (6977 turns).

Whiskey the Mimic (Octopode Shapeshifter)           Turns: 6977, Time: 00:13:11

Health: -4/62      AC:  5    Str: 13    XL:     9   Next: 46%
Magic:  18/18      EV: 25    Int: 16    God:    Gozag
Gold:   332        SH:  0    Dex: 18    Spells: 8/8 levels left

rFire   . .          .
                       - Unarmed
rCold   . . .        (no shield)
rNeg    . . .        (helmet currently unavailable)
rPois   .            (no amulet)
rElec   .            e - +6 ring of dexterity
rCorr   .            f - ring of magical power {MP+9}
SInv    .            p - +4 ring of protection
Will    .....        r - +5 ring of evasion
Stlth   +++          C - +5 ring of evasion
HPRegen 0.30/turn    K - ring of wizardry {Wiz+, !d}
MPRegen 0.16/turn    (no ring)
                     (no ring)

%: wizardry (x1)
@: beast-form, spiked
A: beast (slay +4), almost no armour, amphibious, 8 rings, camouflage 1,
gelatinous body 1, (nimble swimmer 1), tentacles
a: Begin Untransformation, Renounce Religion, Potion Petition, Call Merchant,
Bribe Branch


You were on level 8 of the Dungeon.
You worshipped Gozag.
Gozag was aware of your devotion.
You were a hulking beast.
You visited 2 branches of the dungeon, and saw 9 of its levels.
You also visited: Sewer.

You collected 445 gold pieces.
You paid 113 gold pieces to Gozag.

Inventory:

Hand Weapons
 y - a +2 whip of electrocution
   (You took it off a kobold in a sewer)
 B - a +2 dagger of speed
   (You took it off a kobold in a sewer)
Missiles
 x - a curare-tipped dart
 D - a throwing net {=f, !d}
Magical Staves
 q - a staff of earth
   (You found it on level 3 of the Dungeon)
 G - a staff of air {rElec}
   (You found it on level 5 of the Dungeon)
Jewellery
 e - a +6 ring of dexterity (left tentacle)
   (You found it on level 1 of the Dungeon)
 f - a ring of magical power (right tentacle) {MP+9}
   (You found it on level 1 of the Dungeon)
 j - a ring of ice {rC+, rF-}
   (You found it on level 2 of the Dungeon)
 p - a +4 ring of protection (on tentacle)
   (You found it on level 3 of the Dungeon)
 r - a +5 ring of evasion (on tentacle)
   (You found it on level 3 of the Dungeon)
 C - a +5 ring of evasion (on tentacle)
   (You found it on level 4 of the Dungeon)
 K - a ring of wizardry (on tentacle) {Wiz+, !d}
   (You found it on level 6 of the Dungeon)
Talismans
 b - a beast talisman
 c - a flux talisman
Wands
 m - a wand of charming (10)
   (You found it on level 3 of the Dungeon)
Scrolls
 h - a scroll of identify
 i - 3 scrolls of fog
 k - a scroll of fear {unknown}
 n - a scroll of torment {unknown}
 o - 2 scrolls of blinking {unknown}
 t - 2 scrolls of enchant weapon {unknown}
 E - 2 scrolls of vulnerability {unknown}
 F - 2 scrolls of enchant armour {unknown}
 I - 2 scrolls of teleportation {unknown}
 J - a scroll of immolation {unknown}
Potions
 a - 3 potions of lignification {!q}
 d - 4 potions of curing
 g - 2 potions of might {unknown}
 l - 2 potions of heal wounds {unknown}
 s - 3 potions of degeneration {unknown}
 u - 2 potions of mutation {unknown}
 v - 2 potions of magic
 w - 2 potions of haste
 z - a potion of brilliance {unknown}
 A - 2 potions of cancellation {unknown}
 H - 2 potions of ambrosia {unknown}
 L - a potion of attraction {unknown}


   Skills:
 + Level 5.8 Fighting
 - Level 4.0 Dodging
 + Level 6.0 Unarmed Combat
 + Level 8.8 Shapeshifting


You had 8 spell levels left.
You didn't know any spells.
Your spell library contained the following spells:

 Spells                   Type           Power      Damage    Failure   Level
 Apportation              Tloc           0%         N/A       11%         1
 Ensorcelled Hibernation  Hex/Ice        0%         N/A       16%         2
 Jinxbite                 Hex            0%         N/A       16%         2
 Passwall                 Tmut/Erth      0%         N/A       16%         2
 Swiftness                Air            0%         N/A       28%         3
 Alistair's Intoxication  Tmut/Pois      0%         N/A       93%         5


Dungeon Overview and Level Annotations

Branches:
Dungeon (8/15)             Temple (1/1) D:7           Sewer (visited)
   Lair: D:8-11

Altars:
Ashenzari
Cheibriados
Fedhas
Gozag
Kikubaaqudgha
Makhleb
Nemelex Xobeh
Okawaru
Qazlal
Ru
Trog
Uskayaw
Vehumet
Wu Jian
Xom
Yredelemnul
Zin
The Shining One

Shops:
D:1 !   D:6 !

Annotations:
D:7 2 transporters, 3 runed translucent doors, RandomusNamus's ghost, novice TrMo


Innate Abilities, Weirdness & Mutations

You are a hulking beast.
Your limbs bulge with bestial killing power. (Slay +4)
You cannot wear most types of armour.
You are amphibious.
You can wear up to eight rings at the same time.
Your skin changes colour to match your surroundings (Stealth+).
Your rubbery body absorbs attacks. (AC +1, EV +1)
((You are camouflaged when in or above water. (Stealth+)))
You have tentacles for arms and can constrict up to eight enemies at once.


Message History

The orc shouts! x2
You bludgeon the orc wizard! You grab the orc wizard.
You constrict the orc wizard. The orc completely misses you.
The orc wizard gestures at you while chanting.
You are confused.
You are too confused!
You are too confused!
You are too confused!
You are too confused!
You are too confused!
You are too confused!
You are too confused!
You are too confused!
You are too confused!
You are too confused!
You are too confused!
You are too confused!
You are too confused!
You are too confused!
You are too confused!
You are too confused!
You are too confused!
You are too confused!
You are too confused!
You are too confused!
You are too confused!
You bump into the rock wall.
You constrict the orc wizard. The orc barely misses you.
The orc wizard completely misses you.
You barely miss the orc. You squeeze the orc. You constrict the orc wizard.
The orc completely misses you.
The orc wizard hits you with a +2 dagger of flaming.
The orc wizard burns you.
You take 3 damage, and have 59/62 hp.
You release your grip on the orc wizard.
The orc wizard attacks as it pursues you!
The orc wizard barely misses you. The orc attacks as it pursues you!
The orc completely misses you.
You're too confused to move!
The orc completely misses you. The orc wizard closely misses you.
The orc hits you with a +0 mace.
You take 6 damage, and have 53/62 hp.
You tentacle-slap the orc wizard.
You kill the orc wizard!
The orc completely misses you.
The orc warrior is distracted by your dazzling golden aura.
You are too confused!
You are too confused!
You miss the orc.
The orc warrior shouts!
You tentacle-slap the orc.
You kill the orc!
You feel less confused. The orc closely misses you.
You tentacle-slap the orc. You grab the orc. You constrict the orc.
The orc misses you. x2
You tentacle-slap the orc.
You kill the orc!
The orc is distracted by your dazzling golden aura.
The orc warrior is no longer distracted by gold.
Things that are here:
15 gold pieces; a +0 hand axe; a +0 hand axe The orc shouts!
You bludgeon the orc!
You kill the orc!
The orc warrior hits you with a +0 scimitar!
You take 15 damage, and have 40/62 hp.
MASSIVE DAMAGE!!
The orc warrior is distracted by your dazzling golden aura.
Items here: $ )) [.
You closely miss the orc warrior.
The orc warrior is no longer distracted by gold.
You grab the orc warrior. You constrict the orc warrior.
A manticore comes into view.
You barely miss the orc warrior.
You constrict the orc warrior, but do no damage.
The orc warrior closely misses you.
You tentacle-slap the orc warrior.
You constrict the orc warrior, but do no damage.
The manticore flicks its tail.
The volley of spikes hits you!
The barbed spikes become lodged in your body.
The orc warrior hits you with a +0 scimitar.
You take 19 damage, and have 22/62 hp.
MASSIVE DAMAGE!!
You feel better.
You constrict the orc warrior.
The manticore flicks its tail.
The volley of spikes hits you!
The barbed spikes become lodged in your body.
The orc warrior hits you with a +0 scimitar.
* * * LOW HITPOINT WARNING * * *
You take 6 damage, and have 16/62 hp.
You tentacle-slap the orc warrior but do no damage.
You squeeze the orc warrior!
You constrict the orc warrior, but do no damage.
The manticore flicks its tail.
The volley of spikes misses you. The orc warrior completely misses you.
You tentacle-slap the orc warrior.
You constrict the orc warrior, but do no damage.
The manticore flicks its tail.
The volley of spikes hits you!!
The barbed spikes become lodged in your body.
You die...
Your body crumbles into a pile of gold.

#..........# #.
##...........###...
.................#
H......#........#
........##.....
#.............#
#.............## ..
#.o.# #......### .#
#h$#######......##
#.
#..###.###...#....
..
#...#..##..#####..
#. ##...###...## ###
. ##.##.#..#....[# #
...#....##.......##
........##..#...#.#
...##........##..#.#
. #........##...##


You could see a manticore and an orc warrior.

Vanquished Creatures
  A two-headed ogre (D:4)
  A steam dragon (D:5)
  The ghost of jestert79 the Tormented, an amateur VSNe of Kikubaaqudgha (D:4)
  An ice beast (D:5)
  3 centaurs
  2 kobold brigands (Sewer)
  A scorpion (D:4)
  5 killer bees (D:7)
  3 crimson imps (D:3)
  4 orc priests
  2 hounds
  2 jellies
  A sleepcap (D:6)
  5 orc wizards
  5 iguanas
  6 adders
  3 gnolls (D:2)
  A shadow imp (D:6)
  2 white imps (D:6)
  2 ufetubi (D:5)
  4 dart slugs
  13 orcs
  7 ball pythons
  12 endoplasms
  8 giant cockroaches
  2 goblins
  A hobgoblin (D:1)
  6 jackals
  5 quokkas
  10 bats
  3 frilled lizards
  8 kobolds (Sewer)
  6 rats
136 creatures vanquished.

Notes
Turn   | Place    | Note
-------+----------+-------------------------------------------
     0 | D:1      | Whiskey the Octopode Shapeshifter began the quest for the
                  | Orb.
     0 | D:1      | Reached XP level 1. HP: 13/13 MP: 1/1
   370 | D:1      | Reached XP level 2. HP: 18/18 MP: 2/2
   906 | D:1      | Found Ketocula's Distillery.
  1043 | D:2      | Reached XP level 3. HP: 23/23 MP: 3/3
  1390 | D:2      | Found a sparkling altar of Nemelex Xobeh.
  1457 | D:2      | Reached skill level 2 in Fighting
  1457 | D:2      | Reached XP level 4. HP: 22/29 MP: 4/4
  1992 | D:3      | Reached skill level 3 in Dodging
  1992 | D:3      | Reached XP level 5. HP: 29/35 MP: 5/5
  2111 | D:3      | Found a broken altar of Ashenzari.
  2235 | D:3      | Found a glowing golden altar of the Shining One.
  2627 | D:3      | Found a shimmering altar of Xom.
  2634 | D:3      | Reached skill level 4 in Unarmed Combat
  2646 | D:3      | Reached skill level 4 in Shapeshifting
  2646 | D:3      | Reached XP level 6. HP: 41/41 MP: 6/6
  2677 | D:3      | Found a faded altar of an unknown god.
  2680 | D:3      | Reached skill level 3 in Fighting
  2808 | D:4      | Found a glowing drain.
  2895 | D:4      | Noticed a two-headed ogre
  2957 | Sewer    | Entered a sewer
  3143 | Sewer    | Reached XP level 7. HP: 15/46 MP: 7/7
  3314 | Sewer    | Reached skill level 5 in Shapeshifting
  3379 | D:4      | Killed a two-headed ogre
  3380 | D:4      | Reached skill level 7 in Shapeshifting
  3380 | D:4      | Reached XP level 8. HP: 38/52 MP: 8/8
  3646 | D:4      | Found a runed translucent door.
  3649 | D:4      | Noticed jestert79's ghost (amateur VSNe)
  4001 | D:4      | Killed jestert79's ghost
  4002 | D:4      | Reached skill level 4 in Fighting
  4002 | D:4      | Reached skill level 8 in Shapeshifting
  4057 | D:5      | Entered Level 5 of the Dungeon
  4099 | D:5      | Reached skill level 4 in Dodging
  4357 | D:5      | Reached skill level 5 in Unarmed Combat
  4372 | D:5      | Reached XP level 9. HP: 59/59 MP: 9/9
  4572 | D:5      | Reached skill level 5 in Fighting
  5343 | D:6      | Found an opulent altar of Gozag.
  5347 | D:6      | Found an opulent altar of Gozag.
  5347 | D:6      | Found an opulent altar of Gozag.
  5351 | D:6      | Became a worshipper of Gozag Ym Sagoz the Greedy
  5360 | D:6      | Found an opulent altar of Gozag.
  5548 | D:6      | Found Zocottewk's Distillery.
  5633 | D:6      | Found a sparkling altar of Nemelex Xobeh.
  5659 | D:6      | Found a stormy altar of Qazlal.
  5887 | D:6      | Found a radiant altar of Vehumet.
  6099 | D:7      | Found a transporter.
  6103 | D:7      | Found a transporter.
  6105 | D:7      | Noticed a tengu warrior
  6105 | D:7      | Noticed a white ugly thing
  6106 | D:7      | Noticed a gargoyle
  6107 | D:7      | Found a blossoming altar of Fedhas.
  6121 | D:7      | Found a staircase to the Ecumenical Temple.
  6131 | Temple   | Entered the Ecumenical Temple
  6246 | D:7      | Noticed RandomusNamus's ghost (novice TrMo)
  6247 | D:7      | Noticed a troll
  6302 | D:7      | Found a runed translucent gate.
  6302 | D:7      | Found a runed translucent gate.
  6302 | D:7      | Found a runed translucent gate.
  6532 | D:7      | Reached skill level 6 in Unarmed Combat
  6676 | D:7      | Found a burning altar of Makhleb.
  6972 | D:8      | Noticed a manticore
  6977 | D:8      | Killed from afar by a manticore

Illustrated notes

Levels and vault maps discovered:
D:1:      lightli_arrival_quake, layout_basic, serial_shops,
          nicolae_shop_advertising_works [nicolae_subvault_shop_adworks],
          patterned_corridor
D:2:      layout_basic, basic_altar, roderic_lattice_a,
          nicolae_concentric_dashed_squares_mild
D:3:      layout_loops_ring, ashenzari_conservatory_becter, led_xom_imps,
          tso_oasis_becter, ebering_ecumenical_altar_petrified,
          hangedman_abyss_or_decor_stabs
D:4:      layout_basic, hellmonk_ghost_happy_afterlife, portal_sewer_entry_d
D:5:      layout_layer_cave
D:6:      layout_gridville, mainiacjoe_overflow_alcove_4,
          nicolae_gozag_conspicuous_consumption,
          mainiacjoe_overflow_large_starburst, serial_shops,
          nicolae_shop_industrial_runoff
D:7:      layout_rooms, gammafunk_temple_overflow_arena,
          lemuel_coloured_pillars_altar, minmay_temple_entry_antechambers,
          gammafunk_ghost_split
D:8:      layout_layer_cave, mainiacjoe_overflow_catch_the_wave,
          kennysheep_opposing_triangles, uniq_erica
Temple:   grunt_temple_mini_profane

Skill      XL: |  1  2  3  4  5  6  7  8  9 |
---------------+----------------------------+-----
Fighting       | 2 3 4 5 |  5.8
Dodging        | 3 4 |  4.0
Unarmed Combat | 4 5 6 |  6.0
Shapeshifting  | 4 7 8 |  8.8

Action                     |  1- 3 |  4- 6 |  7- 9 || total
---------------------------+-------+-------+-------++-------
  Melee: Unarmed           |    54 |    93 |   131 ||   278
         Constrict         |    17 |    27 |    38 ||    82
         Tentacles         |     7 |    26 |    48 ||    81
         Punch             |     1 |     5 |     7 ||    13
         Dagger            |       |       |    29 ||    29
         Whip              |       |       |     6 ||     6
  Throw: Dart              |       |       |     1 ||     1
    Use: Scroll            |       |       |     4 ||     4
         Potion            |       |       |     1 ||     1
   Stab: Sleeping          |    10 |    11 |    11 ||    32
 Armour: Skin              |    19 |    42 |    50 ||   111
  Dodge: Dodged            |    27 |    91 |   237 ||   355

Table legend: (Time is in decaauts)
 A = Elapsed time spent in this place.
 B = Non-inter-level travel time spent in this place.
 C = Inter-level travel time spent in this place.
 D = Time resting spent in this place.
 E = Time spent auto-exploring this place.
 F = Levels seen in this place.
 G = Mean time per level.
                   A        B        C        D        E       F      G
               +--------+--------+--------+--------+--------+-----+--------+
         Total |   6953 |   6789 |    164 |    476 |   5352 |  10 |  695.3 |
       Dungeon |   6537 |   6373 |    164 |    415 |   5115 |   8 |  817.1 |
        Temple |      1 |      1 |      0 |      0 |      0 |   1 |    1.0 |
         Sewer |    414 |    414 |      0 |     61 |    237 |   1 |  414.0 |
               +--------+--------+--------+--------+--------+-----+--------+

Top non-repeatable levels by time:
     D:4: 1097 daAuts
     D:1: 985 daAuts
     D:5: 973 daAuts
     D:2: 952 daAuts
     D:7: 881 daAuts
     D:3: 822 daAuts
     D:6: 750 daAuts
   Sewer: 414 daAuts
     D:8: 73 daAuts
  Temple: 1 daAuts

Levels and vault maps discovered:
D:1:      lightli_arrival_quake, layout_basic, serial_shops,
          nicolae_shop_advertising_works [nicolae_subvault_shop_adworks],
          patterned_corridor
D:2:      layout_basic, basic_altar, roderic_lattice_a,
          nicolae_concentric_dashed_squares_mild
D:3:      layout_loops_ring, ashenzari_conservatory_becter, led_xom_imps,
          tso_oasis_becter, ebering_ecumenical_altar_petrified,
          hangedman_abyss_or_decor_stabs
D:4:      layout_basic, hellmonk_ghost_happy_afterlife, portal_sewer_entry_d
D:5:      layout_layer_cave
D:6:      layout_gridville, mainiacjoe_overflow_alcove_4,
          nicolae_gozag_conspicuous_consumption,
          mainiacjoe_overflow_large_starburst, serial_shops,
          nicolae_shop_industrial_runoff
D:7:      layout_rooms, gammafunk_temple_overflow_arena,
          lemuel_coloured_pillars_altar, minmay_temple_entry_antechambers,
          gammafunk_ghost_split
D:8:      layout_layer_cave, mainiacjoe_overflow_catch_the_wave,
          kennysheep_opposing_triangles, uniq_erica
Temple:   grunt_temple_mini_profane

Table legend: (Time is in decaauts)
 A = Elapsed time spent in this place.
 B = Non-inter-level travel time spent in this place.
 C = Inter-level travel time spent in this place.
 D = Time resting spent in this place.
 E = Time spent auto-exploring this place.
 F = Levels seen in this place.
 G = Mean time per level.
                   A        B        C        D        E       F      G
               +--------+--------+--------+--------+--------+-----+--------+
         Total |   6953 |   6789 |    164 |    476 |   5352 |  10 |  695.3 |
       Dungeon |   6537 |   6373 |    164 |    415 |   5115 |   8 |  817.1 |
        Temple |      1 |      1 |      0 |      0 |      0 |   1 |    1.0 |
         Sewer |    414 |    414 |      0 |     61 |    237 |   1 |  414.0 |
               +--------+--------+--------+--------+--------+-----+--------+

Top non-repeatable levels by time:
     D:4: 1097 daAuts
     D:1: 985 daAuts
     D:5: 973 daAuts
     D:2: 952 daAuts
     D:7: 881 daAuts
     D:3: 822 daAuts
     D:6: 750 daAuts
   Sewer: 414 daAuts
     D:8: 73 daAuts
  Temple: 1 daAuts

Table legend:
 A = Kills in this place as a percentage of kills in the entire game.
 B = Kills by you in this place as a percentage of kills by you in the entire game.
 C = Kills by friends in this place as a percentage of kills by friends in the entire game.
 D = Other kills in this place as a percentage of other kills in the entire game.
 E = Experience gained in this place as a percentage of experience gained in the entire game.
 F = Experience gained in this place divided by the number of levels of this place that you have seen.
                   A       B       C       D       E      F
               +-------+-------+-------+-------+-------+----------------------
         Total | 100.0 | 100.0 |   N/A |   N/A | 100.0 | 341.7
       Dungeon |  84.6 |  84.6 |   N/A |   N/A |  93.4 | 398.8
         Sewer |  15.4 |  15.4 |   N/A |   N/A |   6.6 | 227.0
               +-------+-------+-------+-------+-------+----------------------
